 Dungeon Crawl Stone Soup version 0.28-a0-1117-g0bdd5ba030 (webtiles) character file.

Game seed: 7468780804965929846

30 blank1 the Shield-Bearer (level 3, 0/33 HPs)
             Began as a Minotaur Fighter on Dec 12, 2021.
             Succumbed to a kobold's poison
             ... on level 1 of the Dungeon.
             The game lasted 00:01:12 (580 turns).

blank1 the Shield-Bearer (Minotaur Fighter)          Turns: 580, Time: 00:01:12

Health: 0/33       AC:  7    Str: 22    XL:     3   Next: 5%
Magic:  2/2        EV: 14    Int:  5    God:
Gold:   33         SH:  4    Dex:  9    Spells: 2/2 levels left

rFire   . . .      SeeInvis .   a - +0 long sword
rCold   . . .      Faith    .   c - +0 buckler
rNeg    . . .      Spirit   .   b - +0 scale mail
rPois   .          Reflect  .   (helmet restricted)
rElec   .          Harm     .   (no cloak)
rCorr   .          Rampage  .   (no gloves)
Will    .....                   (no boots)
Stlth   ..........              (no amulet)
HPRegen 0.11/turn               e - +4 ring of evasion
MPRegen 0.08/turn               (no ring)

@: mighty, lethally poisoned (0 -> -1), hasted, very quick
A: horns 2, retaliatory headbutt
a: no special abilities


You were on level 1 of the Dungeon.
You visited 1 branch of the dungeon, and saw 1 of its levels.

You collected 33 gold pieces.

Inventory:

Hand Weapons
 a - a +0 long sword (weapon)
Armour
 b - a +0 scale mail (worn)
 c - a +0 buckler (worn)
Jewellery
 e - a +4 ring of evasion (left hand)


   Skills:
 + Level 3.9 Fighting
 + Level 2.9 Long Blades
 + Level 3.9 Armour
 + Level 1.2 Dodging
 - Level 4.0 Shields


You had 2 spell levels left.
You didn't know any spells.
Your spell library contained the following spells:

 Spells                   Type           Power      Damage    Failure   Level
 Ensorcelled Hibernation  Hex/Ice        0%         N/A       90%         2
 Spider Form              Tmut/Pois      0%         N/A       99%         3


Dungeon Overview and Level Annotations

Branches:
Dungeon (1/15)

Altars:


Innate Abilities, Weirdness & Mutations

You have a pair of horns on your head.
You reflexively headbutt those who attack you in melee.


Message History

You closely miss the kobold. You headbutt the kobold.
You kill the kobold!
You feel very sick.
You hit the giant cockroach but do no damage.
You feel very sick. The giant cockroach closely misses you.
The giant cockroach misses you.
You are too injured to fight recklessly!
You are too injured to fight recklessly!
You are too injured to fight recklessly!
You are too injured to fight recklessly!
It was a potion of haste.
You feel yourself speed up.
You feel very sick.
The giant cockroach bites you but does no damage.
You hit the giant cockroach but do no damage.
* * * LOW HITPOINT WARNING * * *
You feel sick.
The giant cockroach bites you but does no damage.
You closely miss the giant cockroach.
* * * LOW HITPOINT WARNING * * *
You feel sick. You block the giant cockroach's attack.
You slash the giant cockroach!
You kill the giant cockroach!
* * * LOW HITPOINT WARNING * * *
You feel sick.
* * * LOW HITPOINT WARNING * * *
You feel sick.
As you read the scroll labelled NANUMAOTEF, it crumbles to dust.
It is a scroll of identify.
You don't have any unidentified items.
* * * LOW HITPOINT WARNING * * *
You feel sick.
Okay, then.
You feel very mighty all of a sudden.
* * * LOW HITPOINT WARNING * * *
You feel sick.
* * * LOW HITPOINT WARNING * * *
You feel sick.
* * * LOW HITPOINT WARNING * * *
You feel sick.
You die...

.#.#.#.##
#............# #.#
........#
#.##..####.#.# #.#
.#.#.#.##
#.....###....###.#
........#
####..........†..#
.#.#.#.##
###.###########
........# #.#
.#.#.#.## #.#
###.#### #.# #.#
#@# ### #.# #)#
#.# #.# ###### #.#
.#...# #.. .'...#
### .#...#


There were no monsters in sight!

Vanquished Creatures
  4 bats (D:1)
  An endoplasm (D:1)
  2 giant cockroaches (D:1)
  4 hobgoblins (D:1)
  3 kobolds (D:1)
  2 quokkas (D:1)
  A ball python (D:1)
  A frilled lizard (D:1)
  6 goblins (D:1)
  A rat (D:1)
25 creatures vanquished.

Notes
Turn   | Place    | Note
-------+----------+-------------------------------------------
     0 | D:1      | blank1 the Minotaur Fighter began the quest for the Orb.
     0 | D:1      | Reached XP level 1. HP: 19/19 MP: 0/0
   180 | D:1      | Reached XP level 2. HP: 27/27 MP: 1/1
   287 | D:1      | Reached skill level 1 in Dodging
   472 | D:1      | Noticed an eye of devastation
   479 | D:1      | Noticed a floating eye
   483 | D:1      | Reached skill level 4 in Shields
   516 | D:1      | Found a faded altar of an unknown god.
   518 | D:1      | Noticed a great orb of eyes
   518 | D:1      | Noticed a shining eye
   542 | D:1      | Reached XP level 3. HP: 33/33 MP: 2/2
   579 | D:1      | HP: 1/33 [poisoned by a kobold]
   580 | D:1      | Succumbed to a kobold's poison

Illustrated notes

Levels and vault maps discovered:
D:1:      co_arrival_random_square_maze, layout_loops_ring, serial_shops,
          shop_scrolls, hellmonk_ecumenical_altar_watching_god, st_stairs_11,
          minmay_pentomino_z4

Skill      XL: |  1  2 |
---------------+-------+-----
Dodging        | 1 |  1.2
Shields        | 4 |  4.0
Fighting       | |  3.9
Long Blades    | |  2.9
Armour         | |  3.9

Action                   || total
-------------------------++-------
Melee: Long sword        ||    54
       Headbutt          ||     5
  Use: Potion            ||     2
       Scroll            ||     1
Armor: Scale mail        ||    27
Dodge: Dodged            ||    40
Block: Buckler           ||     9

Table legend: (Time is in decaauts)
 A = Elapsed time spent in this place.
 B = Non-inter-level travel time spent in this place.
 C = Inter-level travel time spent in this place.
 D = Time resting spent in this place.
 E = Time spent auto-exploring this place.
 F = Levels seen in this place.
 G = Mean time per level.
                   A        B        C        D        E       F      G
               +--------+--------+--------+--------+--------+-----+--------+
         Total |    590 |    590 |      0 |      0 |    449 |   1 |  590.0 |
       Dungeon |    590 |    590 |      0 |      0 |    449 |   1 |  590.0 |
               +--------+--------+--------+--------+--------+-----+--------+

Top non-repeatable levels by time:
     D:1: 590 daAuts
